 Dungeon Crawl Stone Soup version 0.20-a0-517-g5f97612 (webtiles) character file.

1350 Azzok the Skirmisher (level 8, -8/64 HPs)
             Began as a Demonspawn Monk on Jan 24, 2017.
             Was a Believer of Qazlal.
             Shot themself with a blast of ice (24 damage)
             ... on level 6 of the Dungeon.
             The game lasted 00:11:49 (6083 turns).

Azzok the Skirmisher (Demonspawn Monk)              Turns: 6083, Time: 00:11:49

Health: -8/64      AC: 11    Str: 18    XL:     8   Next: 36%
Magic:  11/11      EV: 15    Int: 12    God:    Qazlal [**....]
Gold:   192        SH:  3    Dex: 22    Spells: 7/7 levels left

rFire    . . .     SeeInvis .   s - +3 mace "Ovokhev" {crush, Str+4 Dex+3}
rCold    . . .     Gourm    .   k - +0 chain mail
rNeg     . . .     Faith    .   (no shield)
rPois    +         Spirit   .   A - +0 helmet "Ysui" {Dex+4 Stlth+}
rElec    .         Reflect  .   r - +0 cloak
rCorr    .         Harm     .   (no gloves)
MR       .....                  (no boots)
Stlth    ..........             (no amulet)
Regen    0.2/turn               q - +3 ring of evasion
                                d - ring of poison resistance

@: slowed, very slow
A: claws 2, repulsion field 1, rot immunity
a: Upheaval, Renounce Religion


You were on level 6 of the Dungeon.
You worshipped Qazlal.
Qazlal was pleased with you.
You were not hungry.

You visited 2 branches of the dungeon, and saw 7 of its levels.

You collected 192 gold pieces.

Inventory:

Hand Weapons
 a - a +0 falchion
 s - the +3 mace "Ovokhev" (weapon) {crush, Str+4 Dex+3}
   (You found it on level 4 of the Dungeon)

   It inflicts extra damage upon your enemies.
   It affects your strength (+4).
   It affects your dexterity (+3).
Armour
 k - a +0 chain mail (worn)
 r - a +0 cloak (worn)
 A - the +0 helmet "Ysui" (worn) {Dex+4 Stlth+}
   (You found it on level 4 of the Dungeon)

   It affects your dexterity (+4).
   It makes you more stealthy.
Jewellery
 d - a ring of poison resistance (left claw)
 n - an uncursed ring of fire {unknown}
 o - an uncursed ring of magical power
 q - a +3 ring of evasion (right claw)
 x - an uncursed ring of stealth {unknown}
 B - an uncursed ring of stealth {unknown}
Wands
 E - a wand of polymorph (14/24)
Scrolls
 f - 2 scrolls of teleportation
 g - 4 scrolls of identify
 h - a scroll of amnesia
 i - 3 scrolls of remove curse
 p - a scroll of blinking {unknown}
 v - a scroll of fear {unknown}
 y - 2 scrolls of immolation {unknown}
 C - a scroll of magic mapping {unknown}
 D - a scroll of recharging {unknown}
 F - a scroll of summoning {unknown}
Potions
 b - 2 potions of magic {unknown}
 e - a potion of haste
 l - a potion of degeneration {unknown}
 t - 3 potions of brilliance
 u - a potion of lignification
 w - 2 potions of curing
 G - a potion of might
Books
 z - a book of Air

   Spells                             Type                      Level
   a - Shock                          Conjuration/Air              1
   b - Swiftness                      Charms/Air                   2
   c - Repel Missiles                 Charms/Air                   2
   d - Static Discharge               Conjuration/Air              3
   e - Lightning Bolt                 Conjuration/Air              5
Comestibles
 c - 2 bread rations
 j - a meat ration
 m - 5 fruits
 H - a royal jelly
 I - a chunk of flesh


   Skills:
 + Level 5.7 Fighting
 + Level 5.0 Long Blades
 + Level 4.2 Armour
 + Level 5.0 Dodging
 - Level 1.7 Stealth
 + Level 4.6 Invocations


You had 7 spell levels left.
You didn't know any spells.

Dungeon Overview and Level Annotations

Branches:
Dungeon (6/15)             Temple (1/1) D:4

Altars:
Ashenzari
Cheibriados
Dithmenos
Elyvilon
Hepliaklqana
Kikubaaqudgha
Okawaru
Qazlal
Ru
Sif Muna
Uskayaw
Vehumet
Xom
Zin

Shops:
D:6 :


Innate Abilities, Weirdness & Mutations

You have very sharp fingernails.
You are surrounded by a mild repulsion field. (EV +2)
You are immune to rotting.


Message History

You hit the wraith but do no damage.
The wraith is lightly damaged.
The wraith completely misses you. The wraith hits you!
* * * LOW HITPOINT WARNING * * *
The wraith drains your vigour!
You feel as though you will be slow longer.
You closely miss the wraith.
The wraith is lightly damaged.
The wraith hits you.
* * * LOW HITPOINT WARNING * * *
The wraith hits you but does no damage.
Aiming: Upheaval
Press: ? - help, Dir - move target cursor, f - wraith
Aim: a wraith (lightly damaged) That beam is likely to hit you.
Continue anyway?
A blizzard blasts the area with ice!
The blast of ice hits the wraith.
The wraith partially resists.
The wraith is severely damaged.
The wraith is flash-frozen.
The blast of ice hits you!
You die...

▒▒ ·· ·· ▒▒▒▒·
▒·· ▒··· ··▒ ·· ▒
▒·· ▒▒·· ▒·· ▒·▒
▒·▒ ··▒ ··▒
··▒···▒▒·▒▒··▒▒··
······W@···▒ ··▒
▒·▒
··▒···▒▒§··▒▒··▒
▒·▒ ▒·▒ ▒·▒▒··▒
▒·▒▒ ▒ ▒·▒▒··▒
▒·▒ ▒··)▒▒··▒ ▒·▒
▒···▒ ··▒ ·▒·▒
▒[▒▒▒ ▒▒ ·▒·▒▒
▒▒▒▒▒(▒ ▒▒▒▒
·▒··▒ ▒·····▒
▒··▒▒▒▒▒╬▒


You could see a wraith.

Vanquished Creatures
  A water moccasin (D:6)
  2 centaurs
  A bullfrog (D:6)
  2 scorpions
  A howler monkey (D:5)
  2 crimson imps
  A centaur zombie (D:5)
  Crazy Yiuf (D:4)
  7 hounds
  2 orc priests (D:5)
  2 jellies
  A bullfrog skeleton (D:6)
  Jessica (D:2)
  An iguana (D:5)
  Terence (D:3)
  Natasha (thrice) (D:3 D:6)
  An orc wizard (D:5)
  3 worker ants
  5 adders
  2 gnolls (D:6)
  An ooze (D:2)
  3 worms
  2 dart slugs
  4 leopard geckos
  5 orcs
  A ball python (D:1)
  8 giant cockroaches
  4 goblins
  8 hobgoblins
  2 jackals (D:1)
  4 quokkas
  3 bats
  4 frilled lizards
  8 kobolds
  4 rats
101 creatures vanquished.

Notes
Turn   | Place    | Note
-------+----------+-------------------------------------------
     0 | D:1      | Azzok the Demonspawn Monk began the quest for the Orb.
     0 | D:1      | Reached XP level 1. HP: 18/18 MP: 1/1
   470 | D:1      | Gained mutation: You have sharp fingernails. [demonic ancestry]
   470 | D:1      | Reached XP level 2. HP: 4/24 MP: 2/2
  1663 | D:1      | Gained mutation: You are immune to rotting. [demonic ancestry]
  1663 | D:1      | Reached XP level 3. HP: 29/29 MP: 3/3
  1817 | D:2      | Noticed Jessica
  1837 | D:2      | Killed Jessica
  1837 | D:2      | Reached skill level 1 in Armour
  2090 | D:2      | Found a hide-covered altar of Uskayaw.
  2222 | D:2      | Gained mutation: You have very sharp fingernails. [demonic ancestry]
  2222 | D:2      | Reached XP level 4. HP: 32/37 MP: 4/4
  2838 | D:3      | Noticed Terence
  2870 | D:3      | Killed Terence
  3478 | D:3      | Gained mutation: You are surrounded by a mild repulsion field. (EV +2) [demonic ancestry]
  3478 | D:3      | Reached XP level 5. HP: 38/42 MP: 5/5
  3482 | D:3      | Found a shadowy altar of Dithmenos.
  3560 | D:3      | Noticed Natasha
  3569 | D:3      | Killed Natasha
  3967 | D:4      | Got a distressingly furry helmet
  3973 | D:4      | Identified the +0 helmet "Ysui" {Dex+4 Stlth+} (You found it on level 4 of the Dungeon)
  4094 | D:4      | Found a radiant altar of Vehumet.
  4095 | D:4      | Found a glowing silver altar of Zin.
  4298 | D:4      | Found a staircase to the Ecumenical Temple.
  4307 | Temple   | Entered the Ecumenical Temple
  4364 | Temple   | Became a worshipper of Qazlal Stormbringer
  4364 | Temple   | Reached * piety under Qazlal
  4364 | Temple   | Reached ** piety under Qazlal
  4410 | D:4      | Found a runed door.
  4414 | D:4      | Noticed Crazy Yiuf
  4425 | D:4      | Killed Crazy Yiuf
  4435 | D:4      | HP: 3/63 [poisoned by Crazy Yiuf]
  4440 | D:4      | HP: 2/63 [poisoned by Crazy Yiuf]
  4447 | D:4      | HP: 2/63 [poisoned by Crazy Yiuf]
  4453 | D:4      | HP: 1/63 [poisoned by Crazy Yiuf]
  4459 | D:4      | HP: 1/63 [poisoned by Crazy Yiuf]
  4500 | D:4      | Got a brightly glowing mace
  4501 | D:4      | Identified the cursed +3 mace "Ovokhev" {crush, Str+4 Dex+3} (You found it on level 4 of the Dungeon)
  4872 | D:4      | Reached XP level 6. HP: 44/48 MP: 6/6
  4936 | D:4      | Reached skill level 1 in Invocations
  5003 | D:5      | Entered Level 5 of the Dungeon
  5258 | D:5      | Reached XP level 7. HP: 50/55 MP: 8/8
  5476 | D:5      | Reached skill level 5 in Fighting
  5820 | D:6      | Found Oches's Book Boutique.
  5836 | D:6      | Noticed Natasha
  5841 | D:6      | Killed Natasha
  5867 | D:6      | Noticed Natasha
  5873 | D:6      | Killed Natasha
  5936 | D:6      | Reached XP level 8. HP: 52/63 MP: 10/10
  6049 | D:6      | Reached skill level 5 in Long Blades
  6065 | D:6      | Reached skill level 5 in Dodging
  6083 | D:6      | Shot themself with a blast of ice

Vault maps used:
D:1:      saegor_arrival_simple_f, minmay_tetromino_l2
D:2:      old_standard_altar, uniq_jessica
D:3:      lemuel_round_altar, uniq_terence, uniq_natasha
D:4:      chequers_temple_overflow_statue_of_worship, minmay_temple_entry_mist,
          uniq_crazy_yiuf_cottage
D:5:      first_bread
D:6:      wad_guarded_room, kennysheep_mini_moat, serial_shops,
          nicolae_shop_crystal, shop, kennysheep_mini
Temple:   hc_temple_tempest_star

Skill      XL: |  1  2  3  4  5  6  7  8 |
---------------+-------------------------+-----
Dodging        | 3 4 5 |  5.0
Long Blades    | 3 4 5 |  5.0
Armour         | 1 2 3 4 |  4.2
Fighting       | 4 5 |  5.7
Invocations    | 2 3 4 |  4.6
Stealth        | |  1.7

Action                   |  1- 3 |  4- 6 |  7- 9 || total
-------------------------+-------+-------+-------++-------
Melee: Falchion          |   110 |   177 |       ||   287
       Mace              |       |    50 |   178 ||   228
  Use: Scroll            |       |     4 |       ||     4
       Potion            |       |     4 |       ||     4
 Stab: Sleeping          |     3 |       |       ||     3
  Eat: Chunk             |     4 |    10 |     3 ||    17
Armor: Robe              |    21 |       |       ||    21
       Chain mail        |    12 |    91 |    70 ||   173
Dodge: Dodged            |    68 |   142 |   143 ||   353
Block: Other             |       |     6 |    27 ||    33
       Rpst.: Falchion   |    23 |    32 |       ||    55
